Workbook

Sheet Development Budget
A1: KYCDBG-DR Single Family New Construction
A2: Grand View Homeownership Sources and Uses
A3: Applicant Name:
A4: USES (totals by unit type,revise categories as needed)
B5: Unit Type 1 | C5: Unit Type 2 | D5: Unit Type 3 | E5: Unit Type 4 | F5: Unit Type 5 | G5: Totals
A6: Hard Construction Costs
A7: Site Work | B7: 0 | C7: 0 | D7: 0 | E7: 0 | F7: 0 | G7: =SUM(B7:F7) -> 0
A8: New Structures | B8: 0 | C8: 0 | D8: 0 | E8: 0 | F8: 0 | G8: =SUM(B8:F8) -> 0
A9: Accessory Structures (garages, sheds) | B9: 0 | C9: 0 | D9: 0 | E9: 0 | F9: 0 | G9: =SUM(B9:F9) -> 0
A10: Green Systems (Solar, etc.) | B10: 0 | C10: 0 | D10: 0 | E10: 0 | F10: 0 | G10: =SUM(B10:F10) -> 0
A11: General Requirements | B11: 0 | C11: 0 | D11: 0 | E11: 0 | F11: 0 | G11: =SUM(B11:F11) -> 0
A12: Contractor Overhead | B12: 0 | C12: 0 | D12: 0 | E12: 0 | F12: 0 | G12: =SUM(B12:F12) -> 0
A13: Contractor Profit | B13: 0 | C13: 0 | D13: 0 | E13: 0 | F13: 0 | G13: =SUM(B13:F13) -> 0
A14: Construction Contingency | B14: 0 | C14: 0 | D14: 0 | E14: 0 | F14: 0 | G14: =SUM(B14:F14) -> 0
A15: Furniture, Fixtures, & Equipment | B15: 0 | C15: 0 | D15: 0 | E15: 0 | F15: 0 | G15: =SUM(B15:F15) -> 0
A16: Building Permits | B16: 0 | C16: 0 | D16: 0 | E16: 0 | F16: 0 | G16: =SUM(B16:F16) -> 0
A17: Other (Specify) | B17: 0 | C17: 0 | D17: 0 | E17: 0 | F17: 0 | G17: =SUM(B17:F17) -> 0
A18: Other (Specify) | B18: 0 | C18: 0 | D18: 0 | E18: 0 | F18: 0 | G18: =SUM(B18:F18) -> 0
A19: Other (Specify) | B19: 0 | C19: 0 | D19: 0 | E19: 0 | F19: 0 | G19: =SUM(B19:F19) -> 0
A20: Total Hard Construction: | B20: =SUM(B7:B19) -> 0 | C20: =SUM(C7:C19) -> 0 | D20: =SUM(D7:D19) -> 0 | E20: =SUM(E7:E19) -> 0 | F20: =SUM(F7:F19) -> 0 | G20: =SUM(G7:G19) -> 0
A21: Construction Interim Costs
A22: Hazard & Liability Insurance | B22: 0 | C22: 0 | D22: 0 | E22: 0 | F22: 0 | G22: =SUM(B22:F22) -> 0
A23: Builder's Risk Insurance | B23: 0 | C23: 0 | D23: 0 | E23: 0 | F23: 0 | G23: =SUM(B23:F23) -> 0
A24: Payment & Performance Bonds | B24: 0 | C24: 0 | D24: 0 | E24: 0 | F24: 0 | G24: =SUM(B24:F24) -> 0
A25: Construction Inspection and Testing | B25: 0 | C25: 0 | D25: 0 | E25: 0 | F25: 0 | G25: =SUM(B25:F25) -> 0
A26: Tap Fees (Water/Sewer) | B26: 0 | C26: 0 | D26: 0 | E26: 0 | F26: 0 | G26: =SUM(B26:F26) -> 0
A27: Impact fees | B27: 0 | C27: 0 | D27: 0 | E27: 0 | F27: 0 | G27: =SUM(B27:F27) -> 0
A28: Power and Telecom Provider fees | B28: 0 | C28: 0 | D28: 0 | E28: 0 | F28: 0 | G28: =SUM(B28:F28) -> 0
A29: Construction Inspection and Testing | B29: 0 | C29: 0 | D29: 0 | E29: 0 | F29: 0 | G29: =SUM(B29:F29) -> 0
A30: Power and Telecom Provider fees | B30: 0 | C30: 0 | D30: 0 | E30: 0 | F30: 0 | G30: =SUM(B30:F30) -> 0
A31: Prop. Taxes During Construction | B31: 0 | C31: 0 | D31: 0 | E31: 0 | F31: 0 | G31: =SUM(B31:F31) -> 0
A32: Other (Specify) | B32: 0 | C32: 0 | D32: 0 | E32: 0 | F32: 0 | G32: =SUM(B32:F32) -> 0
A33: Other | B33: 0 | C33: 0 | D33: 0 | E33: 0 | F33: 0 | G33: =SUM(B33:F33) -> 0
A34: Total Construction Interim Costs: | B34: =SUM(B22:B33) -> 0 | C34: =SUM(C22:C33) -> 0 | D34: =SUM(D22:D33) -> 0 | E34: =SUM(E22:E33) -> 0 | F34: =SUM(F22:F33) -> 0 | G34: =SUM(G27:G33) -> 0
A35: Professional Fees/Soft Costs
A36: Architect | B36: 0 | C36: 0 | D36: 0 | E36: 0 | F36: 0 | G36: =SUM(B36:F36) -> 0
A37: Engineering | B37: 0 | C37: 0 | D37: 0 | E37: 0 | F37: 0 | G37: =SUM(B37:F37) -> 0
A38: Geotech | B38: 0 | C38: 0 | D38: 0 | E38: 0 | F38: 0 | G38: =SUM(B38:F38) -> 0
A39: Soils/Surveyor | B39: 0 | C39: 0 | D39: 0 | E39: 0 | F39: 0 | G39: =SUM(B39:F39) -> 0
A40: Legal Fees | B40: 0 | C40: 0 | D40: 0 | E40: 0 | F40: 0 | G40: =SUM(B40:F40) -> 0
A41: Green Consultant | B41: 0 | C41: 0 | D41: 0 | E41: 0 | F41: 0 | G41: =SUM(B41:F41) -> 0
A42: Accounting | B42: 0 | C42: 0 | D42: 0 | E42: 0 | F42: 0 | G42: =SUM(B42:F42) -> 0
A43: Marketing/Lease Up | B43: 0 | C43: 0 | D43: 0 | E43: 0 | F43: 0 | G43: =SUM(B43:F43) -> 0
A44: Unit Appraisals | B44: 0 | C44: 0 | D44: 0 | E44: 0 | F44: 0 | G44: =SUM(B44:F44) -> 0
A45: Unit Carrying Costs | B45: 0 | C45: 0 | D45: 0 | E45: 0 | F45: 0 | G45: =SUM(B45:F45) -> 0
A46: Other (Specify) | B46: 0 | C46: 0 | D46: 0 | E46: 0 | F46: 0 | G46: =SUM(B46:F46) -> 0
A47: Other (Specify) | B47: 0 | C47: 0 | D47: 0 | E47: 0 | F47: 0 | G47: =SUM(B47:F47) -> 0
A48: Total Professional Fees/Soft Costs: | B48: =SUM(B36:B47) -> 0 | C48: =SUM(C36:C47) -> 0 | D48: =SUM(D36:D47) -> 0 | E48: =SUM(E36:E47) -> 0 | F48: =SUM(F36:F47) -> 0 | G48: =SUM(G36:G47) -> 0
A49: Loan Financing Fees
A50: Construction Loan Origination Fees | B50: 0 | C50: 0 | D50: 0 | E50: 0 | F50: 0 | G50: =SUM(B50:F50) -> 0
A51: Construction Loan Interest | B51: 0 | C51: 0 | D51: 0 | E51: 0 | F51: 0 | G51: =SUM(B51:F51) -> 0
A52: Construction Lender Legal Fees | B52: 0 | C52: 0 | D52: 0 | E52: 0 | F52: 0 | G52: =SUM(B52:F52) -> 0
A53: Lender Appraisal | B53: 0 | C53: 0 | D53: 0 | E53: 0 | F53: 0 | G53: =SUM(B53:F53) -> 0
A54: Title & Recording | B54: 0 | C54: 0 | D54: 0 | E54: 0 | F54: 0 | G54: =SUM(B54:F54) -> 0
A55: Other Financing Fees | B55: 0 | C55: 0 | D55: 0 | E55: 0 | F55: 0 | G55: =SUM(B55:F55) -> 0
A56: Other (Specify) | B56: 0 | C56: 0 | D56: 0 | E56: 0 | F56: 0 | G56: =SUM(B56:F56) -> 0
A57: Total Loan Financing Fees: | B57: =SUM(B50:B56) -> 0 | C57: =SUM(C50:C56) -> 0 | D57: =SUM(D50:D56) -> 0 | E57: =SUM(E50:E56) -> 0 | F57: =SUM(F50:F56) -> 0 | G57: =SUM(G50:G56) -> 0
A58: Sales Costs
A59: Realtor Commission | B59: 0 | C59: 0 | D59: 0 | E59: 0 | F59: 0 | G59: =SUM(B59:F59) -> 0
A60: Seller's Closing Costs | B60: 0 | C60: 0 | D60: 0 | E60: 0 | F60: 0 | G60: =SUM(B60:F60) -> 0
A61: Seller Paid Transfer Taxes | B61: 0 | C61: 0 | D61: 0 | E61: 0 | F61: 0 | G61: =SUM(B61:F61) -> 0
A62: Total Seller's Closing Costs: | B62: =SUM(B59:B61) -> 0 | C62: =SUM(C59:C61) -> 0 | D62: =SUM(D59:D61) -> 0 | E62: =SUM(E59:E61) -> 0 | F62: =SUM(F59:F61) -> 0 | G62: =SUM(G59:G61) -> 0
A63: TOTAL DEVELOPMENT COSTS (TDC) | B63: =B62+B57++B48+B34+B20 -> 0 | C63: =C62+C57++C48+C34+C20 -> 0 | D63: =D62+D57++D48+D34+D20 -> 0 | E63: =E62+E57++E48+E34+E20 -> 0 | F63: =F62+F57++F48+F34+F20 -> 0 | G63: =G62+G57++G48+G34+G20 -> 0
A64: Developer Fee
A65: Total Developer Fee | B65: 0
A66: TDC All Units + Developer Fee | B66: =B65+G63 -> 0

Sheet Sources 
A1: KYCDBG-DR Single Family New Construction
A2: Grand View Homeownership Sources and Uses
A3: Unit Information | B3: Unit Type 1 | C3: Unit Type 2 | D3: Unit Type 3 | E3: Unit Type 4 | F3: Unit Type 5 | G3: Totals
A4: Bedrooms:
A5: Bathrooms:
A6: Square Feet:
A7: Projected Sales Price:
A8: Est. Sales Proceeds per unit type* | G8: =SUM(B8:F8) -> 0
A9: Total Units/Type | G9: =SUM(B9:F9) -> 0
A10: Total Sales Proceeds | B10: =B8*B9 -> 0 | C10: =C8*C9 -> 0 | D10: =D8*D9 -> 0 | E10: =E8*E9 -> 0 | F10: =F8*F9 -> 0 | G10: =SUM(B10:F10) -> 0
A11: Total Development Cost | B11: ='Development Budget'!B63 -> 0 | C11: ='Development Budget'!C63 -> 0 | D11: ='Development Budget'!D63 -> 0 | E11: ='Development Budget'!E63 -> 0 | F11: ='Development Budget'!F63 -> 0 | G11: =SUM(B11:F11) -> 0
A12: Per Unit Gap | B12: =B11-B10 -> 0 | C12: =C11-C10 -> 0 | D12: =D11-D10 -> 0 | E12: =E11-E10 -> 0 | F12: =F11-F10 -> 0 | G12: =G11-G10 -> 0
A13: *Sales Proceeds= buyer funds (mortgage, DPA, other) - closing costs
A15: SOURCES OF FUNDS
A16: Construction Sources
A17: KY CDBG-DR*
A18: Construction Loan
A19: Other Funds
A20: Other Funds
A21: Total Construction Sources | B21: =SUM(B17:B20) -> 0
A22: CDBG-DR/Unit | B22: =IFERROR($B$17/$G$9," ")
A23: Permanent Sources
A24: KYCDBG-DR*
A25: Estimated Sales Proceeds
A26: Other Funds
A27: Other Funds
A28: Total Permanent Sources | B28: =SUM(B24:B27) -> 0
A29: CDBG-DR/Unit | B29: =IFERROR($B$24/$G$9,0) -> 0
A30: *Note: Maximum per unit for unit construction is $200k
